 Dungeon Crawl Stone Soup version 0.13-a0-3016-gcb2faac (webtiles) character file.

121 PolkaDot the Vexing (level 3, -6/24 HPs)
             Began as a Vampire Enchanter on Sept 14, 2013.
             Mangled by a water moccasin (9 damage)
             ... on Level 2 of the Dungeon.
             The game lasted 00:07:22 (2917 turns).

PolkaDot the Vexing (Vampire Enchanter)             Turns: 2917, Time: 00:07:22

HP  -6/24        AC  4     Str  7      XL: 3   Next: 50%
MP   1/7         EV 12     Int 18      God:
Gold 73          SH  0     Dex 14      Spells:  2 memorised,  2 levels left

Res.Fire  : . . .   See Invis. : +   g - +3,+1 elf dagger
Res.Cold  : + + .   Warding    : .   b - +1 robe
Life Prot.: + + +   Conserve   : .   (no shield)
Res.Poison: +       Res.Corr.  : .   (no helmet)
Res.Elec. : .       Clarity    : .   (no cloak)
Sust.Abil.: . .     Spirit.Shd : .   (no gloves)
Res.Mut.  : .       Stasis     : .   j - +0 pair of boots
Res.Rott. : +       Flight     : .   (no amulet)
Saprovore : . . .                    (no ring)
                                     (no ring)

@: regenerating slowly, very slightly contaminated, slightly resistant to
hostile enchantments, quite stealthy
A: fangs 3, see invisible, unbreathing
a: Bat Form


You were on level 2 of the Dungeon.
You were near bloodless.

You visited 1 branch of the dungeon, and saw 2 of its levels.

You collected 53 gold pieces.

Inventory:

Hand weapons
 a - a +1,+1 dagger {=f}
 g - a +3,+1 elven dagger (weapon)
Missiles
 d - 12 darts (quivered)
Armour
 b - a +1 robe (worn)
 j - a +0 pair of boots (worn)
Scrolls
 f - a scroll of amnesia {unknown}
 h - a scroll of remove curse {unknown}
 k - 5 scrolls of identify {unknown}
 m - a scroll of fear {unknown}
 o - a scroll of recharging {unknown}
 p - a scroll of noise {unknown}
 r - 3 scrolls of enchant weapon II {unknown}
 s - a scroll of curse weapon {unknown}
Jewellery
 i - a cursed ring of teleportation {unknown}
 q - an uncursed ring of magical power {unknown}
Books
 c - a book of Maledictions

   Spells                             Type                      Level
   *Corona                            Hexes                        1
   Sure Blade                         Hexes/Charms                 2
   *Ensorcelled Hibernation           Hexes/Ice                    2
   Confuse                            Hexes                        3
   Enslavement                        Hexes                        4
   Invisibility                       Hexes                        6


   Skills:
 - Level 2.0 Short Blades
 - Level 0.7 Throwing
 - Level 2.1 Dodging
 + Level 4.1 Stealth
 * Level 1.6 Spellcasting
 + Level 5.0 Hexes


You had 2 spell levels left.
You knew the following spells:

 Your Spells              Type           Power        Failure   Level  Hunger
a - Corona                Hex            ###....      2%          1    #......
d - Ensorcelled Hibernat  Hex/Ice        ##....       12%         2    ###....


Dungeon Overview and Level Annotations

Branches:
Dungeon (2/27)

Altars:

Annotations:
D:2 Crazy Yiuf


Innate Abilities, Weirdness & Mutations

You heal slowly.
You have razor-sharp teeth.*
You have supernaturally acute eyesight.
You can survive without breathing.*


Message History

The water moccasin barely misses you. The water moccasin bites you.
* * * LOW HITPOINT WARNING * * *
You hit the water moccasin.
The water moccasin is severely wounded.
The water moccasin closely misses you.
You hit the water moccasin but do no damage.
The water moccasin is severely wounded.
The water moccasin stops glowing.
The water moccasin bites you.
* * * LOW HITPOINT WARNING * * *
You aren't carrying any potions.
Read which item? (? for menu, Esc to quit)
Okay, then.
Casting: Corona
Confirm with . or Enter, or press ? or * to list all spells.
Aiming: Ensorcelled Hibernation
Press: ? - help, Shift-Dir - straight line, f/p - water moccasin
Aim: a water moccasin (severely wounded)
The water moccasin is unaffected.
The water moccasin misses you. The water moccasin bites you!
You die...

..........#.# ###
........#.#.# #.#
........#.#.# #.#
).#..######.####.#######
..#.#............%.......
..#.#####.#.####.########
..............%..........
#.#)#######..###.########
#.#.# .....# #@# #.#.#
#.##.## #S# #.#.# # #..
.[. #.#.# ### ##.## #.#.#
... #.#.# ..# .#.# ..#
#.# ...# #.#


You could see a water moccasin.

Vanquished Creatures
  2 adders (D:2)
  A worm (D:2)
  2 giant geckos (D:2)
  2 giant cockroaches
  A hobgoblin (D:2)
  6 kobolds
  3 bats
  4 giant newts
  3 rats
24 creatures vanquished.

Notes
Turn   | Place    | Note
--------------------------------------------------------------
     0 | D:1      | PolkaDot, the Vampire Enchanter, began the quest for the Orb.
     0 | D:1      | Reached XP level 1. HP: 13/13 MP: 4/4
   930 | D:2      | Reached XP level 2. HP: 19/19 MP: 5/5
  1453 | D:2      | Learned a level 2 spell: Ensorcelled Hibernation
  1592 | D:2      | Reached XP level 3. HP: 12/24 MP: 1/7
  2433 | D:2      | Noticed Crazy Yiuf
  2459 | D:2      | Noticed a water moccasin
  2883 | D:2      | Reached skill level 5 in Hexes
  2917 | D:2      | Mangled by a water moccasin

Action                   || total
-------------------------++-------
Melee: Dagger            ||   110
 Cast: Corona            ||    11
       Ensorcelled Hiber ||    13
  Use: Potion            ||     2
 Stab: Sleeping          ||     5
       Distracted        ||     1
